AoeStats
← Axolot

Hideout

507592309Analyzed
1v1 RM · 12d ago on Sep 18, 2026· 21m 45s· 2 players
Game mode
Random Map
Map size
Tiny (2 player)
Population
200
Speed
Normal
Resources
Standard
Victory
Conquest
Starting age
Dark Age
Ending age
Imperial Age
RankedLock teamsTeams togetherTeam positionsShared explorationLock speedFull tech treeHidden civsTurbo modeCheats
Victory
Defeat
🇬🇧 Dravidians · United Kingdom
1576
+16
🇦🇷 Armenians · Argentina
1572
-16
Axolot
8:51 Feudal Age
8:59 Loom
9:24 Double-Bit Axe
12:25 Loom
16:07 Castle Age
15:12 Horse Collar
21:43 Bow Saw
21:40 Heavy Plow
jimmyjedi
5:56 Loom
9:06 Feudal Age
9:21 Man-at-Arms
9:57 Double-Bit Axe
14:30 Arson
14:59 Fletching
21:05 Castle Age
18:53 Horse Collar
21:15 Gold Mining
21:10 Crossbowman
21:49 Bodkin Arrow
Connection lost

Rejoining the realm…

Still unreachable

The connection could not be restored.

Session expired

The server has moved on; the page needs a fresh start.